Map: Eternal Empire LE

Players

TSGSolar (Solar) - Winner!

  • Race: Zerg Zerg
  • League: Master
  • Spawn Location: 1:00

SortOf

  • Race: Zerg Zerg
  • League: Grandmaster
  • Spawn Location: 7:00

Event: StayAtHomestory Cup #1

VOD

Have the link to the VOD?

Description

Time

  • Played on: April 11, 2020, 7:22 a.m.
  • Length: 26:10

All games in this series

Show
View Real Time Build Order
Export as new Build Order

TSGSolar Zerg - Winner!

Build Orders: Hatch First, Lurkers, Zergling Baneling 

Get SALT Encoding   

  12  0:02  Drone  
  13  0:12  Overlord  
  13  0:17  Drone  
  14  0:31  Drone  
  15  0:36  Drone  
  16  0:49  Hatchery  
  15  0:52  Drone  
  15  0:55  Drone  
  17  0:59  Drone  
  18  1:09  Extractor  
  17  1:15  Spawning Pool  
  17  1:17  Drone  
  17  1:20  Drone  
  18  1:28  Drone  
  19  1:39  Drone  
  20  1:51  Overlord  
  20  2:01  Queen x2  
  20  2:06  Drone  
  20  2:07  Drone  
  26  2:13  Drone x2, Metabolic Boost  
  28  2:23  Drone  
  28  2:24  Drone  
  30  2:35  Hatchery  
  29  2:37  Drone  
  29  2:40  Drone  
  31  2:49  Drone, Baneling Nest  
  31  2:51  Drone  
  31  2:55  Overlord  
  31  2:57  Zergling x2  
  33  3:04  Drone  
  34  3:06  Drone  
  35  3:13  Zergling x2, Queen  
  35  3:15  Drone x2  
  35  3:16  Zergling x2  
  35  3:18  Zergling x2  
  43  3:20  Drone  
  43  3:23  Overlord  
  43  3:26  Zergling x2  
  44  3:33  Baneling  
  44  3:37  Baneling x2  
  44  3:42  Zergling x10  
  44  3:47  Zergling x4  
  44  3:48  Zergling x2  
  52  3:55  Overlord  
  51  3:56  Baneling x2  
  51  4:01  Drone  
  52  4:04  Drone  
  52  4:07  Zergling x4  
  52  4:08  Queen x2  
  52  4:09  Baneling x2  
  52  4:14  Zergling x4  
  51  4:17  Drone  
  51  4:18  Zergling x4, Baneling  
  51  4:19  Zergling x2  
  51  4:21  Zergling x2  
  55  4:24  Zergling x2  
  55  4:25  Zergling x2  
  55  4:27  Zergling x2  
  57  4:31  Zergling x6  
  57  4:42  Zergling x6  
  57  4:43  Baneling x2  
  59  4:49  Baneling x2  
  59  4:50  Drone  
  59  4:51  Overlord  
  58  4:53  Overlord  
  58  4:55  Baneling  
  58  5:06  Drone x2  
  58  5:07  Evolution Chamber, Overlord  
  58  5:10  Baneling x2  
  58  5:12  Zergling x2, Extractor  
  58  5:14  Drone  
  58  5:15  Zergling x2  
  58  5:16  Drone x2  
  58  5:19  Zergling x2  
  62  5:23  Overlord  
  62  5:27  Drone  
  62  5:28  Zergling x2  
  64  5:34  Drone  
  65  5:36  Drone  
  65  5:37  Drone  
  65  5:40  Drone x3  
  70  5:42  Roach Warren  
  70  5:43  Zerg Missile Weapons Level 1  
  70  5:45  Extractor  
  70  5:46  Overlord  
  70  5:47  Drone  
  69  5:53  Drone  
  69  5:57  Drone x2  
  72  6:01  Drone  
  72  6:03  Lair  
  73  6:08  Drone  
  73  6:09  Drone x3  
  76  6:13  Extractor  
  76  6:14  Drone x3  
  76  6:16  Drone x4  
  82  6:20  Overlord  
  82  6:25  Roach  
  84  6:28  Extractor  
  84  6:29  Roach x2  
  84  6:31  Pneumatized Carapace  
  86  6:32  Overlord  
  86  6:36  Roach x3  
  86  6:38  Drone  
  93  6:41  Drone  
  93  6:45  Drone x7  
  101  6:51  Extractor, Drone  
  100  6:54  Drone  
  100  6:59  Overlord  
  101  7:03  Glial Reconstitution  
  101  7:08  Overseer x2  
  101  7:11  Overlord  
  101  7:12  Hatchery  
  100  7:17  Evolution Chamber  
  100  7:20  Overlord  
  100  7:22  Drone x2  
  101  7:23  Roach x7, Drone  
  101  7:29  Roach  
  118  7:33  Overlord  
  118  7:35  Roach  
  120  7:40  Drone  
  120  7:41  Spore Crawler  
  120  7:42  Zerg Ground Armor Level 1, Drone  
  120  7:43  Spore Crawler  
  120  7:47  Roach x6  
  120  7:49  Baneling  
  120  7:50  Baneling  
  132  7:53  Roach x3  
  132  7:57  Zerg Missile Weapons Level 2  
  138  7:59  Overlord  
  138  8:02  Roach x2  
  138  8:05  Roach x2  
  145  8:10  Overlord  
  145  8:11  Roach  
  144  8:17  Drone, Infestation Pit  
  144  8:18  Drone  
  149  8:20  Roach x3, Unknown  
  149  8:24  Roach  
  149  8:25  Roach  
  155  8:34  Drone x2  
  155  8:36  Queen  
  155  8:37  Overlord  
  159  8:48  Roach  
  159  8:49  Overlord  
  159  8:50  Overlord x2  
  159  8:53  Hive  
  159  8:55  Hydralisk Den  
  158  9:00  Roach x4  
  166  9:07  Overlord  
  166  9:09  Roach x6  
  178  9:11  Ravager x5  
  183  9:20  Roach x4  
  191  9:28  Lurker Den  
  191  9:30  Roach x5  
  198  9:38  Zerg Ground Armor Level 2  
  193  9:50  Roach x3  
  193  9:51  Hatchery  
  196  10:08  Grooved Spines  
  196  10:13  Roach x2  
  200  10:17  Overlord  
  196  10:21  Hydralisk x2  
  196  10:23  Zerg Missile Weapons Level 3  
  187  10:29  Roach  
  187  10:32  Roach x3  
  187  10:33  Roach x11  
  187  10:34  Seismic Spines  
  199  10:41  Ravager  
  199  10:51  Extractor, Lurker  
  199  10:58  Lurker  
  198  11:07  Extractor  
  191  11:19  Muscular Augments  
  191  11:21  Hydralisk x4  
  195  11:27  Hydralisk x6  
  199  11:42  Adaptive Talons  
  185  11:48  Roach x2  
  185  11:52  Roach x2  
  185  11:53  Roach x2  
  171  11:55  Roach x9  
  171  11:57  Roach x10  
  171  11:59  Roach  
  171  12:00  Roach x4  
  192  12:05  Hydralisk x3  
  182  12:09  Roach  
  182  12:10  Roach  
  182  12:12  Roach  
  182  12:14  Roach  
  171  12:16  Roach  
  171  12:18  Roach  
  171  12:20  Roach  
  158  12:23  Hydralisk  
  158  12:28  Lurker  
  158  12:29  Ravager x4  
  163  12:33  Lurker x3  
  166  12:37  Hydralisk  
  166  12:38  Hydralisk x2  
  166  12:42  Roach  
  174  12:45  Hydralisk  
  174  12:51  Roach x2  
  180  12:54  Lurker  
  181  12:58  Hydralisk  
  181  12:59  Hydralisk x2  
  181  13:03  Hydralisk  
  189  13:12  Lurker x4  
  193  13:16  Hydralisk x3  
  199  13:26  Drone  
  200  13:28  Overseer  
  198  14:01  Viper  
  194  14:26  Hatchery  
  193  14:50  Viper x2  
  199  14:53  Overseer  
  199  14:54  Spore Crawler  
  199  14:55  Spore Crawler  
  195  15:08  Viper x2  
  196  15:16  Overlord x5  
  194  15:22  Zerg Ground Armor Level 3  
  194  15:23  Overseer  
  194  15:26  Spine Crawler  
  194  15:27  Spine Crawler  
  189  15:29  Spore Crawler  
  189  15:34  Hydralisk x6  
  200  15:46  Spore Crawler  
  200  15:48  Spore Crawler  
  198  15:50  Drone x2  
  200  16:03  Extractor  
  199  16:16  Hydralisk  
  199  16:17  Hydralisk x2  
  199  16:19  Drone  
  199  16:22  Extractor  
  199  16:23  Spine Crawler  
  199  16:24  Spore Crawler  
  195  16:26  Spine Crawler  
  195  16:32  Hydralisk x2  
  196  16:46  Lurker x2, Drone  
  199  16:49  Drone  
  196  17:03  Overlord  
  196  17:09  Drone  
  196  17:13  Spore Crawler  
  196  17:18  Hydralisk x5  
  200  17:30  Evolution Chamber  
  200  17:31  Evolution Chamber  
  198  17:56  Overseer  
  198  18:04  Hydralisk x2  
  190  18:13  Hydralisk x6  
  190  18:19  Hydralisk  
  181  18:20  Hydralisk x8  
  181  18:25  Hydralisk  
  181  18:26  Hydralisk x3  
  200  18:33  Lurker x8  
  200  18:58  Overlord  
  200  19:00  Overseer  
  200  19:01  Overseer  
  200  19:02  Hatchery  
  200  19:06  Drone  
  186  19:20  Viper x6  
  175  19:24  Overseer x3, Hydralisk x5  
  175  19:25  Hydralisk x4  
  175  19:29  Drone  
  186  19:53  Hydralisk x6  
  180  20:04  Hydralisk x13  
  200  20:09  Overseer x3  
  200  20:22  Drone x2  
  200  20:24  Overseer x3  
  198  20:30  Hydralisk x2  
  198  20:34  Hatchery  
  199  20:39  Overseer  
  197  20:43  Lurker x3  
  197  20:46  Overlord x2  
  200  20:52  Overseer x4  
  200  20:54  Overlord  
  189  21:16  Hydralisk x6  
  192  21:21  Roach  
  192  21:22  Roach  
  176  21:28  Roach x2  
  158  21:36  Lurker x9  
  158  21:37  Lurker  
  166  21:41  Roach  
  168  21:50  Lurker, Hydralisk x2  
  173  22:03  Extractor, Drone  
  173  22:04  Extractor, Drone  
  169  22:18  Hatchery  
  162  22:25  Hydralisk x2  
  162  22:26  Hydralisk x5  
  171  22:42  Hydralisk x4  
  177  22:51  Overseer x2  
  177  22:53  Hydralisk x5  
  177  22:56  Viper  
  190  23:05  Viper  
  190  23:06  Viper  
  190  23:20  Drone x3  
  184  23:38  Overseer x7  
  184  23:47  Hatchery  
  178  23:56  Roach x9  
  178  23:59  Overlord  
  178  24:02  Overlord  
  195  24:14  Overlord x2  
  195  24:15  Overlord  
  195  24:18  Overlord  
  195  24:32  Drone  
  195  24:33  Hydralisk x2  
  200  24:45  Hatchery  
  199  24:50  Spore Crawler  
  199  24:51  Spore Crawler  
  197  24:58  Hydralisk  
  195  25:10  Hydralisk x2  
  193  25:36  Roach x3  
Show
View Real Time Build Order
Export as new Build Order

SortOf Zerg 

Build Orders: Hatch First, Lurkers, Zergling Baneling 

Get SALT Encoding   

  12  0:00  Drone  
  13  0:12  Overlord  
  13  0:17  Drone  
  14  0:31  Drone x2  
  16  0:49  Hatchery  
  15  0:52  Drone  
  15  0:55  Drone  
  17  0:59  Drone  
  18  1:10  Extractor  
  17  1:14  Spawning Pool  
  17  1:17  Drone  
  17  1:20  Drone  
  18  1:27  Drone  
  19  1:38  Drone  
  20  1:53  Drone  
  21  2:01  Queen x2  
  23  2:02  Overlord  
  23  2:05  Drone  
  26  2:11  Drone x2  
  26  2:13  Metabolic Boost  
  28  2:24  Drone x2  
  30  2:33  Hatchery  
  29  2:37  Drone  
  29  2:42  Drone  
  31  2:46  Baneling Nest  
  30  2:51  Overlord  
  30  2:54  Drone  
  30  2:56  Zergling x4  
  33  3:06  Zergling x4  
  33  3:11  Zergling x8  
  39  3:19  Zergling x6  
  42  3:24  Overlord  
  42  3:30  Zergling x4  
  44  3:35  Baneling x2  
  44  3:38  Baneling  
  44  3:39  Baneling  
  44  3:41  Overlord  
  44  3:43  Zergling x8  
  44  3:46  Baneling x3  
  44  3:47  Zergling x2  
  47  3:57  Zergling x2, Drone x3  
  47  4:01  Baneling  
  50  4:05  Zergling x4  
  48  4:10  Zergling x2  
  48  4:11  Zergling x4  
  48  4:14  Zergling x2  
  48  4:16  Baneling  
  49  4:17  Baneling  
  49  4:20  Zergling x8  
  53  4:27  Zergling x2  
  53  4:30  Zergling x4  
  52  4:37  Zergling x8  
  54  4:44  Baneling x3  
  52  4:46  Drone x5  
  56  5:05  Zergling x2, Baneling x2, Overlord  
  56  5:06  Drone x2  
  56  5:07  Drone x2  
  60  5:08  Extractor  
  60  5:09  Drone  
  60  5:13  Drone x2  
  60  5:23  Roach Warren, Evolution Chamber  
  57  5:31  Zergling x6  
  59  5:37  Drone  
  59  5:38  Drone x5  
  59  5:39  Overlord  
  59  5:40  Overlord  
  65  5:47  Baneling  
  65  5:48  Baneling x2, Overlord  
  65  5:56  Zerg Missile Weapons Level 1  
  65  5:57  Queen, Overlord  
  65  6:00  Drone x3  
  65  6:02  Drone  
  71  6:04  Roach x2  
  71  6:06  Drone x2  
  71  6:09  Drone  
  71  6:11  Drone x2  
  80  6:13  Drone  
  80  6:15  Drone  
  82  6:18  Extractor  
  82  6:22  Drone x4  
  82  6:23  Lair  
  85  6:27  Drone x3  
  85  6:29  Extractor  
  85  6:30  Extractor  
  86  6:34  Extractor  
  85  6:40  Drone x3  
  85  6:45  Drone x6  
  94  6:51  Drone  
  94  6:52  Overlord  
  95  6:58  Pneumatized Carapace  
  95  7:00  Overlord x3  
  95  7:07  Hatchery, Overlord  
  94  7:09  Roach, Overlord  
  100  7:15  Roach x2  
  100  7:16  Roach x3  
  100  7:21  Overseer  
  113  7:23  Roach x4  
  113  7:24  Baneling x2  
  113  7:25  Glial Reconstitution  
  113  7:31  Roach, Evolution Chamber  
  113  7:33  Spore Crawler  
  112  7:39  Roach x5  
  112  7:41  Roach  
  124  7:46  Roach x3  
  130  7:57  Roach x6  
  142  8:00  Zerg Missile Weapons Level 2  
  142  8:05  Overlord  
  142  8:06  Drone x4  
  142  8:12  Overlord  
  135  8:16  Drone  
  136  8:20  Ravager x2, Drone  
  136  8:21  Ravager x2  
  136  8:22  Roach x3  
  147  8:32  Roach x5  
  156  8:36  Drone x3  
  156  8:37  Drone  
  156  8:40  Overlord  
  160  8:42  Drone  
  160  8:43  Ravager x2  
  160  8:47  Roach x2  
  167  8:52  Overseer  
  167  8:53  Overlord  
  167  8:54  Overlord  
  166  8:58  Zerg Ground Armor Level 1  
  166  8:59  Unknown  
  166  9:00  Roach  
  166  9:02  Ravager  
  167  9:04  Overseer  
  167  9:06  Roach x2  
  174  9:10  Roach x2  
  174  9:12  Roach  
  174  9:14  Drone x2  
  178  9:17  Overlord  
  178  9:19  Roach  
  178  9:20  Overlord  
  180  9:25  Roach x3  
  186  9:35  Overlord  
  186  9:37  Roach x3  
  186  9:38  Roach x3  
  198  9:45  Infestation Pit  
  194  9:46  Hydralisk Den  
  194  9:51  Overseer  
  193  9:54  Roach x2  
  195  10:01  Hatchery  
  195  10:06  Roach x3  
  184  10:29  Roach x9  
  184  10:34  Roach x5  
  199  10:36  Hive  
  199  10:37  Muscular Augments  
  199  10:41  Drone  
  200  10:45  Overseer  
  200  10:53  Zerg Ground Armor Level 2  
  200  11:00  Overlord  
  197  11:23  Lurker Den  
  189  11:29  Roach x11  
  199  11:46  Roach x8  
  199  11:48  Grooved Spines  
  181  11:55  Roach x11  
  181  12:02  Roach x5  
  167  12:14  Roach  
  142  12:17  Zerg Missile Weapons Level 3  
  142  12:19  Zergling x2, Overlord  
  142  12:20  Drone x6  
  142  12:22  Unknown  
  134  12:25  Ravager x5, Hydralisk  
  134  12:26  Ravager  
  139  12:32  Seismic Spines  
  139  12:33  Hydralisk  
  139  12:34  Hydralisk x2  
  139  12:36  Drone x2  
  147  12:43  Ravager  
  148  12:47  Roach, Hydralisk x2  
  148  12:48  Roach  
  148  12:49  Ravager x2  
  148  12:50  Ravager  
  159  12:53  Lurker  
  159  12:54  Hydralisk  
  162  13:02  Hydralisk  
  162  13:03  Hydralisk x2  
  162  13:04  Lurker  
  169  13:06  Overlord  
  169  13:08  Drone  
  169  13:09  Extractor x2  
  169  13:12  Lurker  
  169  13:17  Hydralisk  
  169  13:18  Hydralisk  
  173  13:21  Lurker  
  173  13:25  Drone  
  173  13:26  Drone x3  
  178  13:27  Drone  
  178  13:29  Adaptive Talons  
  176  13:44  Hydralisk x7  
  190  13:49  Overlord  
  188  13:57  Hydralisk x4  
  188  14:02  Lurker  
  192  14:03  Viper  
  192  14:07  Overseer x2  
  192  14:08  Spore Crawler  
  194  14:11  Lurker  
  194  14:13  Drone x2  
  194  14:14  Spore Crawler  
  194  14:16  Spore Crawler  
  193  14:27  Hydralisk x3  
  199  14:41  Zerg Ground Armor Level 3  
  199  14:45  Lurker  
  199  14:56  Hydralisk  
  199  15:04  Overseer  
  193  15:18  Overseer  
  193  15:28  Viper x2  
  193  15:31  Evolution Chamber  
  198  15:43  Roach x3  
  198  15:56  Spine Crawler  
  197  15:57  Ravager x3  
  197  16:00  Hatchery  
  197  16:03  Viper  
  195  16:35  Viper  
  195  16:39  Evolution Chamber  
  197  16:46  Lurker x3  
  196  16:56  Hydralisk x2  
  200  17:22  Hydralisk  
  194  17:23  Viper  
  199  17:32  Overlord  
  191  17:52  Hydralisk x4  
  199  18:03  Overlord  
  199  18:04  Overlord  
  199  18:06  Overlord  
  199  18:11  Hydralisk  
  197  18:16  Hydralisk x12  
  187  18:21  Hydralisk x12  
  187  18:23  Lurker  
  178  18:28  Lurker x3  
  178  18:29  Lurker  
  178  18:30  Hydralisk x7  
  196  18:35  Hatchery  
  195  18:44  Hydralisk x2  
  187  19:21  Hydralisk x10  
  187  19:24  Lurker x4  
  200  19:25  Overseer  
  193  19:39  Lurker x3  
  183  19:52  Hatchery  
  175  20:00  Viper x3  
  175  20:04  Hydralisk  
  175  20:05  Hydralisk x9  
  190  20:11  Overseer  
  169  20:44  Hydralisk  
  171  20:52  Lurker x2  
  171  20:53  Hydralisk x4  
  175  21:14  Hydralisk x2  
  175  21:15  Hatchery  
  175  21:17  Hydralisk  
  159  21:28  Hydralisk x4  
  155  21:39  Lurker x3  
  153  22:01  Zergling x8, Extractor  
  153  22:02  Zergling x10  
  153  22:03  Extractor  
  158  22:16  Extractor  
  158  22:21  Extractor  
  148  22:33  Spore Crawler x2  
  148  22:37  Hydralisk  
  141  22:51  Hydralisk  
  141  22:58  Zergling x6  
  143  22:59  Spore Crawler x2  
  133  23:10  Hydralisk x2  
  133  23:12  Zergling x20  
  144  23:28  Hydralisk x2  
  144  23:31  Spore Crawler  
  144  23:32  Spore Crawler  
  144  23:33  Overseer  
  146  23:46  Hydralisk x2  
  146  23:57  Hydralisk x2  
  149  24:03  Overseer  
  149  24:04  Overseer  
  144  24:30  Hydralisk  
  144  24:31  Hydralisk x5  
  156  24:41  Hydralisk x2  
  158  25:13  Overlord x4  
  143  25:28  Overlord  
  140  25:34  Roach x5  
  146  25:40  Roach  
Tags
 
Add a new tag
Caveats
  • Supply blocks, unpowered buildings, or Contaminate may cause inaccurate times.
  • Supply counts are checked every 10 seconds.